Map: Terraform LE (Void)

Players

Bakemonoda - Winner!

  • Race: Terran Terran
  • League: Master

Sweps

  • Race: Protoss Protoss
  • League: Master

VOD

https://www.youtube.com/watch?v=TILDynPXHCs

Description

TVP Hammer punch all in

Time

  • Played on: Nov. 2, 2015, 4:19 a.m.
  • Length: 17:37
Show
View Real Time Build Order
Export as new Build Order

Bakemonoda Terran - Winner!

Build Orders: MMM Bio 

Get SALT Encoding   

  12  0:01  SCV  
  13  0:13  SCV  
  14  0:17  Supply Depot  
  14  0:25  SCV  
  15  0:29  Refinery  
  15  0:41  Barracks  
  15  0:45  SCV  
  16  0:51  Refinery  
  16  0:57  SCV  
  17  1:09  SCV  
  18  1:21  SCV  
  19  1:29  Reaper  
  20  1:36  Factory  
  20  1:43  Orbital Command  
  20  1:53  Supply Depot  
  20  2:04  Factory  
  20  2:09  SCV  
  20  2:11  Barracks Reactor  
  21  2:21  SCV, Widow Mine  
  24  2:33  SCV  
  25  2:45  SCV  
  25  2:48  Marine x2  
  27  2:57  SCV  
  28  3:03  Supply Depot  
  28  3:10  SCV  
  29  3:13  Barracks Tech Lab  
  29  3:14  Widow Mine  
  31  3:21  Widow Mine x2  
  35  3:33  Supply Depot  
  35  3:34  Marauder  
  32  3:50  Supply Depot  
  31  3:59  Command Center  
  31  4:05  Marauder  
  33  4:14  Widow Mine  
  35  4:25  Hellion  
  35  4:30  SCV  
  38  4:32  Widow Mine  
  38  4:37  Marauder  
  41  4:46  Widow Mine  
  43  5:02  Marauder  
  43  5:06  Widow Mine  
  45  5:08  SCV  
  44  5:16  Orbital Command  
  44  5:21  Factory Tech Lab  
  44  5:28  Armory  
  44  5:30  Marauder  
  44  5:33  Widow Mine  
  48  5:42  Widow Mine  
  48  5:44  Siege Tank  
  53  6:00  Marauder  
  53  6:01  SCV  
  53  6:03  SCV  
  53  6:04  Widow Mine  
  57  6:11  Stimpack  
  59  6:13  SCV  
  60  6:19  Factory Tech Lab  
  60  6:20  SCV  
  60  6:25  SCV, Refinery  
  62  6:28  Widow Mine  
  62  6:29  Supply Depot  
  62  6:30  Marauder  
  66  6:33  SCV  
  66  6:37  SCV  
  66  6:43  Widow Mine  
  68  6:53  Marauder  
  70  7:03  Widow Mine  
  70  7:04  Siege Tank  
  70  7:05  SCV  
  70  7:06  SCV  
  77  7:10  Barracks x2  
  77  7:17  Widow Mine  
  77  7:18  Marauder  
  81  7:23  SCV x2  
  83  7:35  SCV x2  
  73  7:46  Widow Mine  
  73  7:47  Marauder  
  73  7:48  Thor, Widow Mine  
  83  7:54  SCV x2  
  85  8:06  SCV  
  86  8:13  Marine x2  
  86  8:14  SCV, Marauder  
  86  8:18  SCV  
  85  8:26  Command Center, SCV  
  86  8:28  Widow Mine  
  86  8:29  Widow Mine  
  86  8:30  SCV  
  77  8:38  Marine  
  77  8:39  Marauder, Marine  
  77  8:41  SCV  
  78  8:43  SCV  
  78  8:45  Starport  
  79  8:56  Marine  
  79  8:59  Widow Mine x2  
  79  9:00  Marine  
  79  9:02  Combat Shields  
  85  9:06  Refinery  
  85  9:13  SCV  
  86  9:27  Marine  
  86  9:28  SCV  
  86  9:37  SCV, Marine  
  86  9:38  Marauder  
  88  9:45  Marine  
  88  9:47  Starport  
  88  9:51  Orbital Command  
  89  9:54  Factory Reactor  
  89  9:55  Marine  
  89  9:58  Engineering Bay  
  89  9:59  Engineering Bay, Marauder  
  84  10:02  SCV x2  
  84  10:03  Marine  
  85  10:10  Medivac  
  85  10:11  Medivac  
  85  10:13  Marine  
  90  10:18  SCV x3  
  90  10:20  Barracks x2  
  90  10:21  Marauder  
  95  10:22  Liberator  
  95  10:23  Supply Depot, Liberator  
  95  10:24  Supply Depot x2  
  95  10:26  Terran Infantry Weapons Level 1, Terran Infantry Armor Level 1  
  95  10:28  Liberator x2  
  95  10:29  Supply Depot  
  101  10:45  Marine, Marauder  
  101  10:46  Marine  
  111  10:53  Factory Reactor  
  111  10:55  Barracks  
  111  10:57  Concussive Shells  
  109  11:03  Barracks x2, Missile Turret  
  109  11:04  Missile Turret  
  109  11:05  Missile Turret  
  109  11:07  Missile Turret  
  109  11:08  Marauder, Marine x2  
  109  11:11  Marine x2  
  115  11:17  SCV x3  
  118  11:22  Supply Depot  
  118  11:24  Supply Depot  
  118  11:26  Supply Depot, Marine  
  118  11:27  Liberator  
  119  11:33  Marine x2  
  119  11:34  Marauder  
  119  11:35  SCV x2  
  125  11:44  SCV  
  124  11:59  Marauder, Marine x2  
  115  12:05  Marine x2  
  115  12:06  Widow Mine x2  
  121  12:14  Liberator x3  
  121  12:15  Supply Depot, Liberator  
  121  12:16  Supply Depot, Marine  
  121  12:20  Command Center, Marauder  
  135  12:39  Supply Depot  
  135  12:43  Supply Depot  
  126  12:58  Marauder, Liberator x3, Marine x4  
  121  12:59  Widow Mine x2  
  129  13:05  Marine  
  129  13:06  Marine  
  131  13:14  Marine  
  131  13:16  Liberator, Marine x4  
  144  13:20  Marauder  
  135  13:32  Marine x3  
  135  13:34  Marine x2  
  141  13:35  Orbital Command  
  144  13:41  Marauder  
  144  13:49  Marine x2  
  144  13:50  Marine x2  
  144  13:52  Marine  
  144  13:53  Marine x2  
  148  13:59  SCV x3  
  153  14:03  Marauder  
  153  14:06  Marine  
  153  14:07  Marine  
  153  14:08  Marine x2, Widow Mine x2  
  161  14:10  Marine  
  161  14:11  SCV  
  161  14:12  Terran Infantry Weapons Level 2, Terran Infantry Armor Level 2  
  163  14:17  Liberator  
  163  14:18  Liberator  
  165  14:24  Marauder  
  156  14:33  Marine x6  
  156  14:34  Marine  
  153  14:45  Marauder  
  153  14:51  Marine x6  
  136  14:58  Marine  
  136  14:59  Widow Mine x2  
  138  15:00  Liberator  
  138  15:03  Liberator  
  139  15:07  Marauder  
  139  15:09  Marine x6  
  139  15:16  Marine  
  139  15:22  SCV x4  
  139  15:25  Refinery  
  139  15:26  Refinery  
  139  15:27  Marine x2  
  139  15:28  Marauder  
  139  15:32  Marine  
  139  15:33  Marine x3  
  139  15:34  SCV x3  
  139  15:43  Marine  
  139  15:44  Marine  
  139  15:45  Marine  
  139  15:49  Marauder  
  139  15:50  Marine  
  139  16:19  Marauder, Marine x7  
  139  16:21  Widow Mine x2  
  139  16:23  Liberator  
  139  16:37  Marine x3  
  139  16:38  Marine x4  
  139  16:47  Refinery x2  
  139  16:57  Command Center  
  139  17:04  Command Center  
  139  17:07  Command Center  
  139  17:11  Supply Depot x2  
  139  17:12  Supply Depot x2  
  139  17:14  Supply Depot  
Show
View Real Time Build Order
Export as new Build Order

Sweps Protoss 

Build Orders: Oracle Opening 

Get SALT Encoding   

  12  0:01  Probe (Chrono Boost)  
  13  0:11  Probe (Chrono Boost)  
  14  0:22  Probe (Chrono Boost)  
  14  0:24  Pylon  
  15  0:42  Probe (Chrono Boost)  
  16  0:43  Gateway  
  16  0:45  Assimilator  
  16  0:53  Probe (Chrono Boost)  
  16  0:54  Pylon  
  17  1:03  Probe (Chrono Boost)  
  18  1:14  Probe (Chrono Boost)  
  19  1:20  Assimilator  
  19  1:24  Probe (Chrono Boost)  
  20  1:32  Cybernetics Core  
  20  1:35  Probe (Chrono Boost)  
  21  1:45  Probe (Chrono Boost)  
  22  1:51  Pylon  
  22  1:56  Probe (Chrono Boost)  
  23  2:06  Probe (Chrono Boost)  
  24  2:10  Stargate  
  24  2:11  Adept (Chrono Boost)  
  26  2:27  Nexus  
  26  2:42  Probe  
  27  2:53  Warp Gate  
  27  2:54  Robotics Facility  
  27  2:58  Oracle (Chrono Boost)  
  26  3:02  Probe  
  30  3:14  Probe  
  30  3:18  Pylon  
  31  3:26  Probe  
  32  3:38  Probe  
  31  3:44  Probe  
  32  3:50  Observer  
  32  3:51  Probe  
  32  3:54  Probe, Oracle (Chrono Boost)  
  34  3:59  Adept  
  37  4:03  Probe  
  37  4:05  Probe  
  39  4:13  Gateway  
  39  4:14  Mothership Core  
  40  4:31  Probe  
  40  4:34  Probe  
  42  4:43  Probe  
  42  4:44  Probe  
  42  4:49  Pylon  
  43  4:55  Probe x2  
  45  5:05  Probe  
  45  5:08  Probe  
  47  5:16  Probe  
  47  5:20  Probe  
  49  5:27  Probe  
  50  5:28  Forge  
  50  5:32  Probe  
  50  5:34  Stalker  
  50  5:35  Adept, Pylon  
  55  5:37  Probe, Pylon  
  55  5:41  Pylon  
  56  5:44  Probe, Pylon  
  56  5:48  Probe  
  56  5:49  Gateway  
  58  5:51  Pylon  
  58  5:54  Gateway  
  58  5:57  Pylon  
  58  5:59  Probe  
  58  6:00  Probe  
  58  6:03  Assimilator  
  60  6:08  Stalker x2, Assimilator  
  60  6:09  Probe  
  65  6:12  Probe  
  66  6:20  Probe  
  66  6:24  Probe  
  68  6:32  Gateway  
  68  6:34  Gateway  
  68  6:38  Stalker x2  
  68  6:39  Probe  
  70  6:44  Probe  
  71  6:49  Robotics Bay  
  71  6:59  Adept x2  
  75  7:01  Gateway  
  73  7:10  Adept x2  
  77  7:21  Immortal (Chrono Boost)  
  81  7:24  Adept x2  
  84  7:30  Adept x2  
  84  7:31  Adept  
  88  7:40  Adept  
  73  7:46  Probe x2  
  73  7:47  Assimilator  
  73  7:49  Assimilator  
  75  7:54  Forge  
  75  7:56  Probe, Observer (Chrono Boost)  
  75  7:58  Probe  
  78  8:00  Adept x3  
  83  8:07  Zealot x2  
  83  8:08  Zealot x2  
  83  8:10  Probe  
  75  8:21  Probe  
  75  8:24  Probe  
  77  8:32  Probe  
  78  8:36  Probe  
  79  8:41  Stalker x2  
  79  8:42  Probe  
  79  8:43  Pylon  
  79  8:48  Probe  
  84  8:53  Probe, Disruptor (Chrono Boost)  
  88  8:59  Zealot x5  
  88  9:00  Probe  
  75  9:24  Observer (Chrono Boost)  
  75  9:25  Zealot x3  
  75  9:26  Zealot x3  
  73  9:46  Stalker  
  73  9:48  Stalker x2  
  73  9:49  Stalker x3  
  73  9:51  Observer (Chrono Boost)  
  75  9:58  Probe  
  71  10:10  Probe  
  72  10:16  Disruptor (Chrono Boost)  
  72  10:19  Photon Cannon  
  75  10:21  Photon Cannon  
  75  10:22  Probe  
  76  10:31  Probe  
  76  10:35  Probe  
  78  10:42  Probe  
  78  10:47  Probe  
  78  10:49  Disruptor (Chrono Boost)  
  83  10:51  Adept x2  
  87  10:58  Probe  
  87  10:59  Probe  
  89  11:11  Probe  
  90  11:20  Disruptor (Chrono Boost)  
  93  11:27  Nexus  
  92  11:43  Adept x2  
  92  11:44  Adept x3  
  82  12:05  Stalker x2  
  82  12:06  Stalker x2  
  90  12:19  Twilight Council  
  90  12:22  Probe  
  90  12:24  Probe  
  90  12:28  Protoss Ground Weapons Level 1 (Chrono Boost)  
  92  12:33  Probe  
  92  12:36  Probe  
  94  12:48  Probe  
  87  13:03  Adept x4  
  87  13:04  Probe, Disruptor  
  89  13:34  Stalker x3  
  89  13:35  Stalker  
  89  13:36  Stalker  
  89  13:39  Disruptor  
  100  14:20  Pylon  
  86  14:34  Probe  
  40  14:54  Pylon  
  40  14:55  Stalker x4  
Tags
 
Add a new tag
Caveats
  • Supply blocks, unpowered buildings, or Contaminate may cause inaccurate times.
  • Supply counts are checked every 10 seconds.